 Dungeon Crawl Stone Soup version 0.30.1-3-gfc49f6343a (webtiles) character file.

Game seed: 14967085937223128519

544 Fodor the Slasher (level 7, -1/48 (60) HPs)
             Began as a Minotaur Fighter on July 24, 2023.
             Slain by a wight
             ... wielding a +5 scimitar of freezing
              (2 damage)
             ... on level 6 of the Dungeon.
             The game lasted 00:20:52 (3924 turns).

Fodor the Slasher (Minotaur Fighter)                Turns: 3924, Time: 00:20:52

HP:   -1/48 (60)    AC: 12    Str: 21    XL:     7   Next: 6%
MP:   6/6           EV:  9    Int:  5    God:
Gold: 198           SH:  4    Dex:  8    Spells: 6/6 levels left

rFire   + + .        j - +5 morningstar of Compassion {heavy, rF++ Will+ rCorr Dex-3}
rCold   . . .        c - +0 buckler
rNeg    + . .        r - +0 pearl dragon scales
rPois   .            (helmet restricted)
rElec   .            (no cloak)
rCorr   +            (no gloves)
SInv    .            (no boots)
Will    +....        (no amulet) Stlth
                     (no ring)
HPRegen 0.28/turn    (no ring)
MPRegen 0.10/turn

%: no passive effects
@: about to teleport, heavily drained
A: horns 2, retaliatory headbutt
a: no special abilities


You were on level 6 of the Dungeon.
You visited 2 branches of the dungeon, and saw 7 of its levels.

You collected 198 gold pieces.

Inventory:

Hand Weapons
 a - a +1 long sword
 j - the +5 morningstar of Compassion (weapon) {heavy, rF++ Will+ rCorr Dex-3}
   (You found it on level 4 of the Dungeon)

   Dex:       It affects your dexterity (-3).
   rF:        It greatly protects you from fire.
   rCorr:     It protects you from acid and corrosion.
   Will:      It increases your willpower.
Missiles
 z - 3 javelins (quivered)
Armour
 c - a +0 buckler (worn)
 r - +0 pearl dragon scales (worn)
 u - the +0 plate armour "Bistrez" {Int+2}
   (You found it on level 5 of the Dungeon)

   Int:       It affects your intelligence (+2).
Jewellery
 v - a ring of magical power
Wands
 s - a wand of roots (20)
 w - a wand of light (1)
 x - a wand of flame (40)
 y - a wand of mindburst (4)
Scrolls
 f - a scroll of enchant weapon
 h - a scroll of noise {unknown}
 i - a scroll of amnesia
 k - 4 scrolls of teleportation
 m - a scroll of enchant armour
 o - a scroll of torment
 p - a scroll of acquirement
 q - a scroll of magic mapping {unknown}
Potions
 b - a potion of haste {unknown}
 d - a potion of might
 e - a potion of heal wounds
 g - 3 potions of curing {unknown}
 l - a potion of degeneration {unknown}
 n - a potion of brilliance {unknown}


   Skills:
 + Level 4.4 Fighting
 + Level 6.1 Long Blades
 + Level 2.2 Maces & Flails
 + Level 5.4 Armour
 + Level 2.2 Dodging
 + Level 0.2 Stealth
 + Level 4.8 Shields


You had 6 spell levels left.
You didn't know any spells.
Your spell library contained the following spells:

 Spells                   Type           Power      Damage    Failure   Level
 Sublimation of Blood     Necr           0%         N/A       97%         2
 Petrify                  Tmut/Erth      0%         N/A       100%        4
 Irradiate                Conj/Tmut      0%         3d11      100%        5


Dungeon Overview and Level Annotations

Branches:
Dungeon (6/15)             Temple (1/1) D:4

Altars:
Ashenzari
Cheibriados
Dithmenos
Elyvilon
Fedhas
Gozag
Kikubaaqudgha
Makhleb
Nemelex Xobeh
Okawaru
Ru
Sif Muna
Trog
Uskayaw
Vehumet
Wu Jian
Xom
Yredelemnul
Zin
The Shining One

Shops:
D:1 =


Innate Abilities, Weirdness & Mutations

You have a pair of horns on your head.
You reflexively headbutt those who attack you in melee.


Message History

You barely miss the adder.
The adder is moderately wounded.
You block the adder's attack.
The wight hits you from afar with a +2 trident.
You partially resist.
You feel drained. The wight hits you but does no damage.
The adder completely misses you. The wight closely misses you.
You furiously retaliate!
You headbutt the wight! The wight barely misses you.
The adder bites you but does no damage.
Unknown command.
You closely miss the adder.
The adder is moderately wounded.
The adder barely misses you.
The wight hits you from afar with a +2 trident!
The wight hits you with a +5 scimitar of freezing.
You partially resist.
You feel drained. The wight freezes you.
The adder bites you but does no damage.
The wight hits you from afar with a +2 trident!
You partially resist.
You feel drained.
The wight hits you with a +5 scimitar of freezing!
* * * LOW HITPOINT WARNING * * *
The wight freezes you.
* * * LOW HITPOINT WARNING * * *
The adder barely misses you.
It was a potion of heal wounds.
You feel much better. The wight hits you but does no damage.
You block the wight's attack. The adder bites you but does no damage.
As you read the scroll of teleportation, it crumbles to dust.
You feel strangely unstable. You block the adder's attack.
The wight hits you from afar with a +2 trident.
You partially resist.
You feel drained.
The wight hits you with a +5 scimitar of freezing!
* * * LOW HITPOINT WARNING * * *
You partially resist.
You feel drained. The wight freezes you.
* * * LOW HITPOINT WARNING * * *
The adder bites you but does no damage. The wight attacks as you move away!
The wight hits you with a +5 scimitar of freezing!
* * * LOW HITPOINT WARNING * * *
You partially resist.
You feel drained. The wight freezes you.
You die...

#.............. ..
#.............. ...
#..............
...#########..###...####
#.........#'######'#...
+.........#........#...
#.........#........#...
#.........#........#...
#.....@...######...#...
#......z.......#...#...
########S#.....#####...
#....z.z#..).........#
#.?....z#............#
#.......#............'
#.......#............#
#.......#............#
####+####.....########


You could see 2 wights and an adder.

Vanquished Creatures
  A scorpion (D:4)
  A hound (D:4)
  2 jellies (D:5)
  Natasha (thrice) (D:4)
  4 sleepcaps
  2 iguanas
  5 adders
  A shadow imp (D:6)
  2 white imps
  2 ufetubi
  2 dart slugs
  8 orcs
  3 endoplasms
  A giant cockroach (D:4)
  7 goblins
  11 hobgoblins
  4 jackals
  4 kobolds
  2 quokkas (D:4)
  11 ball pythons
  6 bats
  4 rats
86 creatures vanquished.

Notes
Turn   | Place    | Note
-------+----------+-------------------------------------------
     0 | D:1      | Fodor the Minotaur Fighter began the quest for the Orb.
     0 | D:1      | Reached XP level 1. HP: 19/19 MP: 0/0
    64 | D:1      | Found Wuliant's Jewellery Boutique.
   220 | D:1      | Reached XP level 2. HP: 26/27 MP: 1/1
   833 | D:2      | Reached skill level 3 in Long Blades
   838 | D:2      | Reached XP level 3. HP: 29/33 MP: 2/2
  1438 | D:3      | Identified a scroll of acquirement
  1486 | D:3      | Reached XP level 4. HP: 40/40 MP: 3/3
  1501 | D:3      | Found a glowing golden altar of the Shining One.
  1587 | D:3      | Reached skill level 1 in Dodging
  2083 | D:4      | Reached skill level 4 in Long Blades
  2160 | D:4      | Noticed Natasha
  2168 | D:4      | Killed Natasha
  2315 | D:4      | Reached XP level 5. HP: 46/46 MP: 4/4
  2525 | D:4      | Noticed Natasha
  2534 | D:4      | Killed Natasha
  2634 | D:4      | Identified the +5 morningstar of Compassion {heavy, rF++
                  | Will+ rCorr Dex-3}
  2655 | D:4      | Reached skill level 5 in Long Blades
  2750 | D:4      | Reached XP level 6. HP: 47/52 MP: 5/5
  2785 | D:4      | Noticed Natasha
  2791 | D:4      | Killed Natasha
  2799 | D:4      | Found a bloodstained altar of Trog.
  2923 | D:4      | Found a staircase to the Ecumenical Temple.
  2934 | Temple   | Entered the Ecumenical Temple
  3027 | D:5      | Entered Level 5 of the Dungeon
  3069 | D:5      | Reached skill level 5 in Armour
  3254 | D:5      | Identified the +0 plate armour "Bistrez" {Int+2}
  3304 | D:5      | Reached skill level 1 in Maces & Flails
  3307 | D:5      | Found a sparkling altar of Nemelex Xobeh.
  3342 | D:5      | Found an opulent altar of Gozag.
  3343 | D:5      | Found an ornate altar of the Wu Jian Council.
  3483 | D:5      | Reached skill level 6 in Long Blades
  3691 | D:6      | Reached XP level 7. HP: 59/60 MP: 6/6
  3924 | D:6      | HP: 1/49 [wight/+5 scimitar of freezing (10)]
  3924 | D:6      | Slain by a wight

Illustrated notes

Levels and vault maps discovered:
D:1:      psy_arrival_basics, layout_basic, serial_shops,
          nicolae_shop_window_shopping
D:2:      layout_loops_ring, serial_bayou_pond_c
D:3:      layout_rooms, mainiacjoe_overflow_boulevard
D:4:      layout_gridville, trog_three_pillars_becter,
          minmay_temple_entry_poolview, uniq_natasha
D:5:      layout_gridville, nicolae_overflow_hidden_temple
D:6:      layout_gridville
Temple:   hellmonk_temple_of_storms

Skill      XL: |  1  2  3  4  5  6 |
---------------+-------------------+-----
Shields        | 4 |  4.8
Armour         | 4 5 |  5.4
Fighting       | 4 |  4.4
Long Blades    | 3 4 5 6 |  6.1
Dodging        | 1 2 |  2.2
Maces & Flails | 2 |  2.2
Stealth        | |  0.2

Action                     |  1- 3 |  4- 6 |  7- 9 || total
---------------------------+-------+-------+-------++-------
  Melee: Long sword        |    85 |    84 |       ||   169
         Headbutt          |    11 |    15 |     3 ||    29
         Morningstar       |       |    35 |    13 ||    48
    Use: Scroll            |     5 |     2 |     2 ||     9
         Potion            |       |       |     1 ||     1
 Armour: Scale mail        |    67 |     2 |       ||    69
         Chain mail        |       |    52 |       ||    52
         Pearl dragon scal |       |    41 |    17 ||    58
  Dodge: Dodged            |    56 |    64 |    13 ||   133
  Block: Buckler           |    37 |    34 |     9 ||    80
